 Dungeon Crawl Stone Soup version 0.30-b1-2-g02819fbbbe (webtiles) character file.

Game seed: 10305734934441002912

18 Alarkh the Grasshopper (level 2, 0/22 HPs)
             Began as a Demonspawn Warper on May 26, 2023.
             Slain by a ball python (2 damage)
             ... on level 1 of the Dungeon.
             The game lasted 00:00:39 (574 turns).

Alarkh the Grasshopper (Demonspawn Warper)           Turns: 574, Time: 00:00:41

Health: 0/22       AC:  3    Str: 11    XL:     2   Next: 51%
Magic:  5/5        EV:  8    Int: 14    God:
Gold:   36         SH:  0    Dex: 12    Spells: 5/5 levels left

rFire   . .          .
                       - Unarmed
rCold   . . .        (no shield)
rNeg    . . .        a - +0 leather armour
rPois   .            (no helmet)
rElec   .            (no cloak)
rCorr   .            (no gloves)
SInv    .            (no boots)
Will    .....        (no amulet)
Stlth   +            (no ring)
HPRegen 0.23/turn    (no ring)
MPRegen 0.09/turn

%: no passive effects
@: attractive, constricted
A: claws 1
a: no special abilities


You were on level 1 of the Dungeon.
You visited 1 branch of the dungeon, and saw 1 of its levels.

You collected 36 gold pieces.

Inventory:

Missiles
 c - 7 boomerangs of dispersal (quivered)
Armour
 a - a +0 leather armour (worn)
Jewellery
 e - a ring of flight
Scrolls
 b - a scroll of blinking
 d - a scroll of identify {unknown}
 f - a scroll of poison {unknown}


   Skills:
 - Level 2.0 Fighting
 + Level 1.7 Throwing
 - Level 0.8 Armour
 - Level 1.7 Dodging
 + Level 2.3 Unarmed Combat
 - Level 2.0 Spellcasting
 - Level 2.6 Translocations


You had 5 spell levels left.
You didn't know any spells.
Your spell library contained the following spells:

 Spells                   Type           Power      Damage    Failure   Level
 Blink                    Tloc           16%        N/A       16%         2
 Lesser Beckoning         Tloc           16%        N/A       16%         2
 Teleport Other           Tloc           8%         N/A       30%         3
 Vhi's Electric Charge    Tloc/Air       10%        N/A       47%         3
 Manifold Assault         Tloc           8%         N/A       71%         4


Dungeon Overview and Level Annotations

Branches:
Dungeon (1/15)

Altars:


Innate Abilities, Weirdness & Mutations

You have sharp fingernails.


Message History

The ball python bites you. The ball python constricts you.
You escape the ball python's grasp.
The ball python attacks as you move away!
The ball python closely misses you. The ball python barely misses you.
The ball python bites the fungus.
The ball python grabs the fungus.
The ball python constricts the fungus.
The ball python misses you. The ball python grabs you.
The ball python constricts you.
The ball python's grasp on you weakens, but your attempt to escape fails.
The ball python bites the fungus.
The ball python constricts the fungus.
The ball python bites the fungus.
The ball python bites you but does no damage.
The ball python constricts you.
The ball python bites the fungus.
The ball python constricts the fungus.
The ball python bites the fungus.
You escape the ball python's grasp.
A nearby fungus withers and dies.
Something loses its grip on the fungus.
You barely miss the ball python. Your claw misses the ball python.
Something bites the fungus.
The fungus begins to die.
Something grabs the fungus.
The fungus is constricted.
The ball python bites you. The ball python grabs you.
The ball python constricts you.
* * * LOW HITPOINT WARNING * * *
You scratch the ball python.
The ball python is severely wounded.
The ball python loses its grip on the fungus.
The ball python bites you.
* * * LOW HITPOINT WARNING * * *
The ball python constricts you.
You closely miss the ball python.
The ball python is severely wounded.
The ball python bites you.
* * * LOW HITPOINT WARNING * * *
The ball python constricts you.
It was a potion of attraction.
You feel attractive to monsters. The ball python bites you.
* * * LOW HITPOINT WARNING * * *
The ball python constricts you.
* * * LOW HITPOINT WARNING * * *
The ball python bites you.
You die...

######### ##SS@....#
#P.#####.# #P#..# #.##
#. #†..# #..# # .....#
##.# #.....# #.#
#P#...## #.##########
###.#.#####..........##
######.........)†..>.


You could see 2 ball pythons.

Vanquished Creatures
  A dart slug (D:1)
  2 giant cockroaches (D:1)
  2 goblins (D:1)
  3 hobgoblins (D:1)
  A ball python (D:1)
  3 bats (D:1)
  A kobold (D:1)
  3 rats (D:1)
16 creatures vanquished.

Vanquished Creatures (others)
  A fungus (D:1)
1 creature vanquished.

Grand Total: 17 creatures vanquished

Notes
Turn   | Place    | Note
-------+----------+-------------------------------------------
     0 | D:1      | Alarkh the Demonspawn Warper began the quest for the Orb.
     0 | D:1      | Reached XP level 1. HP: 16/16 MP: 3/3
    39 | D:1      | Reached skill level 1 in Throwing
   205 | D:1      | Gained mutation: You have sharp fingernails. [demonic
                  | ancestry]
   205 | D:1      | Reached XP level 2. HP: 21/22 MP: 5/5
   574 | D:1      | Slain by a ball python

Illustrated notes

Levels and vault maps discovered:
D:1:      dpeg_arrival_arbitrary_b, layout_loops_ring, nicolae_hexahallways,
          minmay_shallow_snake_nest

Skill      XL: |  1 |
---------------+----+-----
Throwing       | 1 |  1.7
Unarmed Combat | 2 |  2.3
Fighting       | |  2.0
Armour         | |  0.8
Dodging        | |  1.7
Spellcasting   | |  2.0
Translocations | |  2.6

Action                     || total
---------------------------++-------
  Melee: Unarmed           ||    58
         Punch             ||     1
    Use: Potion            ||     1
 Armour: Leather armour    ||    19
  Dodge: Dodged            ||    39
